 Dungeon Crawl Stone Soup version 0.18.1-48-g4cf74bf (webtiles) character file.

414 packetloss the Sneak (level 6, -3/34 HPs)
             Began as a Vine Stalker Assassin on Sept 7, 2016.
             Slain by a gnoll
             ... wielding a +2 whip of electrocution
              (16 damage)
             ... on level 3 of the Dungeon.
             The game lasted 00:16:30 (4034 turns).

packetloss the Sneak (Vine Stalker Assassin)        Turns: 4034, Time: 00:16:31

Health: -3/34      AC:  5    Str: 15    XL:     6   Next: 91%
Magic:  0/16       EV:  6    Int: 11    God:
Gold:   124        SH:  0    Dex: 16    Spells: 0 memorised, 5 levels left

rFire  . . .     SeeInvis .     a - +2 dagger
rCold  . . .     Gourm    .     j - +0 robe (curse)
rNeg   . . .     Faith    .     (no shield)
rPois  .         Spirit   +     (no helmet)
rElec  .         Dismiss  +     d - +0 cloak
rCorr  .         Reflect  .     n - +1 pair of gloves
SustAt +         Harm     .     (no boots)
MR     .....                    u - amulet of dismissal
Stlth  +++.......               J - ring of magical power
                                s - ring of sustain attributes

@: not resistant to hostile enchantments, fairly stealthy
A: fangs 2, regeneration 2, magic shield, antimagic bite, no device heal 3, rot
immunity
a: no special abilities


You were on level 3 of the Dungeon.
You were not hungry.

You visited 1 branch of the dungeon, and saw 4 of its levels.

You collected 124 gold pieces.

Inventory:

Hand Weapons
 a - a +2 dagger (weapon)
 b - a +0 hunting sling
 c - a +0 short sword
 r - a +0 blowgun
 x - a +0 falchion
 B - a +2 dagger of protection
 C - a +0 short sword
 H - a cursed -3 whip
Missiles
 e - 51 poisoned needles
 f - 2 curare-tipped needles
 o - 10 arrows
 q - 66 stones (quivered)
 G - 3 tomahawks
 K - 3 throwing nets
Armour
 d - a +0 cloak (worn)
 j - a cursed +0 robe (worn)
 n - a +1 pair of gloves (worn)
 E - a +0 buckler
Jewellery
 s - a ring of sustain attributes (left hand)
 u - an amulet of dismissal (around neck)
 J - a ring of magical power (right hand)
Wands
 v - a wand of flame (33/48)
Scrolls
 h - a scroll of recharging {unknown}
 i - 2 scrolls of identify
 k - a scroll of teleportation
 l - a scroll of fog {unknown}
 p - 2 scrolls of random uselessness {unknown}
 y - 2 scrolls of magic mapping {unknown}
 A - a scroll of remove curse {unknown}
 F - a scroll of enchant weapon {unknown}
Potions
 m - a potion of agility
 t - 2 potions of degeneration
 w - a potion of berserk rage {unknown}
 z - a potion of might
 D - a potion of flight {unknown}
Comestibles
 g - 3 bread rations
 I - 3 chunks of flesh


   Skills:
 - Level 4.5 Fighting
 - Level 4.0 Short Blades
 - Level 3.1 Throwing
 - Level 0.7 Dodging
 + Level 5.0 Stealth


You had 5 spell levels left.
You didn't know any spells.

Dungeon Overview and Level Annotations

Branches:
Dungeon (4/15)
 Temple: D:4-7

Altars:
Elyvilon
Trog
Xom
Zin
The Shining One

Annotations:
D:3 cheese's ghost, amateur DECj
D:4 Dowan, Grinder, Robin


Innate Abilities, Weirdness & Mutations

You have extremely sharp teeth.
You heal very quickly.
When hurt, damage is shared between your health and your magic reserves.
Your bite disrupts and absorbs the magic of your enemies.
Potions and wands cannot restore your health.
You are immune to rotting.


Message History

A goblin comes into view.
You see here a club.
A hobgoblin comes into view.
The gnoll hits you with a whip of electrocution.
* * * LOW MAGIC WARNING * * *;
* * * LOW HITPOINT WARNING * * *
The hobgoblin shouts!
The gnoll shouts!
The gnoll hits you but does no damage. The gnoll hits you with a spear.
* * * LOW HITPOINT WARNING * * *
The gnoll shouts!
The gnoll closely misses you.
Things that are here:
a leather armour; a mace
There is a stone staircase leading up here.
The gnoll hits you from afar with a spear!
* * * LOW MAGIC WARNING * * *;
* * * LOW HITPOINT WARNING * * *
The gnoll hits you but does no damage.
You are electrocuted!
* * * LOW MAGIC WARNING * * *
You die...

#...............# #
#...............# #
#...............# #
#......########## #
#......'.....######
#......#####.##....
.......g#..#.......
........#@.#.......
....###.##g#....#.#
....# #...g#...<..#
...####.....###.###
.............##.#..
.....##......##.#.#
.....##......##.#[#
.....##.........#.#


You could see 2 gnolls.

Vanquished Creatures
  A gnoll shaman (D:3)
  An orc priest (D:3)
  Natasha (D:3)
  20 gnolls
  4 adders
  A howler monkey skeleton (D:4)
  A worm (D:2)
  2 dart slugs
  A giant gecko (D:1)
  4 orcs
  4 ball pythons
  6 bats
  2 giant cockroaches
  8 goblins
  4 hobgoblins
  12 jackals
  10 kobolds
  A quokka (D:3)
  4 giant newts
  7 rats
94 creatures vanquished.

Notes
Turn   | Place    | Note
--------------------------------------------------------------
     0 | D:1      | packetloss the Vine Stalker Assassin began the quest for the Orb.
     0 | D:1      | Reached XP level 1. HP: 11/11 MP: 2/2
   185 | D:1      | Reached XP level 2. HP: 14/15 MP: 3/3
   887 | D:2      | Reached XP level 3. HP: 19/19 MP: 4/4
  1617 | D:4      | Noticed Dowan
  1654 | D:4      | Noticed Robin
  1664 | D:4      | Reached XP level 4. HP: 24/24 MP: 5/5
  1674 | D:4      | Found a bloodstained altar of Trog.
  1683 | D:4      | Noticed Grinder
  1849 | D:4      | Found a glowing golden altar of the Shining One.
  2020 | D:3      | Noticed cheese's ghost (amateur DECj)
  2155 | D:3      | Found a white marble altar of Elyvilon.
  2397 | D:2      | Reached XP level 5. HP: 16/29 MP: 6/6
  2496 | D:3      | Found a glowing silver altar of Zin.
  2496 | D:3      | Found a shimmering altar of Xom.
  2496 | D:3      | Noticed an angel
  3211 | D:2      | Gained mutation: You heal very quickly. [Vine Stalker growth]
  3211 | D:2      | Reached XP level 6. HP: 13/33 MP: 5/7
  3485 | D:3      | Noticed Natasha
  3507 | D:3      | Killed Natasha
  3982 | D:3      | Reached skill level 5 in Stealth
  3991 | D:3      | HP: 1/34 [gnoll/whip of electrocution (7)]
  4034 | D:3      | Slain by a gnoll

Skill      XL: |  1  2  3  4  5  6 |
---------------+-------------------+-----
Fighting       | 2 3 4 |  4.5
Short Blades   | 2 3 4 |  4.0
Throwing       | 3 |  3.1
Stealth        | 5 |  5.0
Dodging        | |  0.7

Action                   |  1- 3 |  4- 6 || total
-------------------------+-------+-------++-------
Melee: Dagger            |    67 |   179 ||   246
       Bite              |    14 |    50 ||    64
 Fire: Hunting sling     |    20 |   160 ||   180
  Use: Scroll            |     1 |     4 ||     5
 Stab: Sleeping          |     9 |       ||     9
  Eat: Chunk             |     2 |     8 ||    10
Armor: Robe              |    11 |    32 ||    43
Dodge: Dodged            |    36 |   101 ||   137
